 Dungeon Crawl Stone Soup version 0.18.1-8-gdd0e5ea (webtiles) character file.

13060 striepan the Fencer (level 11, 0/105 HPs)
             Began as a Minotaur Gladiator on May 27, 2016.
             Was the Champion of Okawaru.
             Slain by an orc knight
             ... wielding a cursed +0 great mace
              (18 damage)
             ... on level 11 of the Dungeon.
             The game lasted 01:32:56 (13766 turns).

striepan the Fencer (Minotaur Gladiator)           Turns: 13766, Time: 01:32:57

Health: 0/105      AC: 12    Str: 21    XL:     11   Next: 70%
Magic:  5/5        EV: 12    Int:  5    God:    Okawaru [******]
Gold:   792        SH:  0    Dex: 13    Spells: 0 memorised, 10 levels left

rFire  . . .     SeeInvis .     W - +0 double sword (antimagic)
rCold  + + .     Gourm    .     S - +1 ring mail {rC+}
rNeg   . . .     Faith    .     (no shield)
rPois  +         Spirit   .     X - +1 hat
rElec  .         Dismiss  .     y - +1 cloak
rCorr  .         Reflect  .     g - +0 pair of gloves
SustAt .         Harm     .     P - +0 pair of boots
MR     .....                    G - amulet of magic regeneration
Stlth  +.........               M - ring of poison resistance
                                w - ring of protection from cold

@: not resistant to hostile enchantments, very unstealthy
A: retaliatory headbutt, horns 2
a: Heroism, Finesse, Renounce Religion


You were on level 11 of the Dungeon.
You worshipped Okawaru.
Okawaru was exalted by your worship.
You were not hungry.

You visited 2 branches of the dungeon, and saw 13 of its levels.

You collected 848 gold pieces.
You spent 56 gold pieces at shops.

Inventory:

Hand Weapons
 l - a +0 great sword
 z - a +2 dagger of speed
 W - a +0 antimagic double sword (weapon)
Missiles
 c - 5 poisoned tomahawks
 d - 2 throwing nets
 q - 10 javelins of penetration (quivered)
Armour
 g - a +0 pair of gloves (worn)
 y - a +1 cloak (worn)
 L - a +3 leather armour
 P - a +0 pair of boots (worn)
 S - a +1 ring mail of cold resistance (worn)
 U - the +6 ring mail "Bupozy" {*Confuse rF+ MR+++ Regen+}
   (You found it on level 8 of the Dungeon)

   It protects you from fire.
   It affects your resistance to hostile enchantments.
   It increases your rate of regeneration.
   It may confuse you when you take damage.
 X - a +1 hat (worn)
Jewellery
 w - a ring of protection from cold (left hand)
 G - an amulet of magic regeneration (around neck)
 M - a ring of poison resistance (right hand)
Wands
 t - a wand of enslavement (11/24)
 v - a wand of polymorph (9/24)
 A - a wand of lightning (12/15)
 R - a wand of hasting (4/9)
Scrolls
 b - a scroll of fear
 e - 2 scrolls of enchant weapon {unknown}
 i - a scroll of noise {unknown}
 j - 7 scrolls of teleportation
 k - 2 scrolls of recharging {unknown}
 m - a scroll of holy word {unknown}
 n - a scroll of magic mapping {unknown}
 p - 6 scrolls of remove curse
 u - a scroll of random uselessness {unknown}
 D - a scroll of enchant armour {unknown}
 E - 8 scrolls of identify
 O - 2 scrolls of blinking {unknown}
Potions
 h - 11 potions of curing
 o - 3 potions of degeneration {unknown}
 r - 2 potions of magic {unknown}
 s - 2 potions of mutation {unknown}
 x - 3 potions of flight {unknown}
 B - a potion of brilliance {unknown}
 C - 2 potions of resistance {unknown}
 F - 2 potions of haste {unknown}
 H - 3 potions of agility {unknown}
 I - a potion of berserk rage {unknown}
 J - 4 potions of lignification {unknown}
 N - 4 potions of heal wounds {unknown}
 Q - a potion of invisibility {unknown}
 T - a potion of cure mutation {unknown}
 Y - a potion of cancellation {unknown}
Books
 a - a book of Summonings

   Spells                             Type                      Level
   a - Recall                         Summoning/Translocation      3
   b - Aura of Abjuration             Summoning                    5
   c - Summon Demon                   Summoning                    5
   d - Summon Forest                  Summoning/Translocation      5
   e - Summon Mana Viper              Hexes/Summoning              5
   f - Shadow Creatures               Summoning                    6
Comestibles
 f - 12 bread rations
 K - 3 chunks of flesh
 V - 3 meat rations
 Z - 7 royal jellies


   Skills:
 + Level 12.4 Fighting
 - Level 15.5 Long Blades
 - Level 2.0 Throwing
 - Level 5.0 Armour
 - Level 3.2 Dodging
 - Level 7.1 Invocations


You had 10 spell levels left.
You didn't know any spells.

Dungeon Overview and Level Annotations

Branches:
Dungeon (12/15)            Temple (1/1) D:4            Lair (0/8) D:10
    Orc (0/2) D:9

Altars:
Ashenzari
Elyvilon
Kikubaaqudgha
Nemelex Xobeh
Okawaru
Pakellas
Ru
Sif Muna
Vehumet
Xom
Yredelemnul
Zin
The Shining One

Shops:
D:4 [   D:10 ?


Innate Abilities, Weirdness & Mutations

You reflexively headbutt those who attack you in melee.
You have a pair of horns on your head.


Message History

The orc knight is almost dead.
The orc knight hits you with a great mace!
You hit the orc knight but do no damage.
Your headbutt misses the orc knight.
The orc knight is almost dead.
You barely miss the orc knight.
The orc knight is almost dead.
The orc knight closely misses you.
You closely miss the orc knight.
The orc knight is almost dead.
The orc knight hits you with a great mace!!
* * * LOW HITPOINT WARNING * * *
You are too injured to fight recklessly!
You are too injured to fight recklessly!
You closely miss the orc knight.
The orc knight is almost dead.
You hit the orc knight but do no damage.
The orc knight is almost dead.
The orc knight hits you with a great mace!!
You die...

####.# *,* ##..........#
.....# *,* ##........##
.<...########.# ##........##
..............# #..........#
....####..##### #..........#
##### ##.# #..........# * #.#
#..........#
***######.#########..........#
,,.............o@...........##
**#######.....#######......##
#####.#########.####
#....รท..#**,* #######.....#
*,....#
*******************,,...#
,,,,,,,,(,,,,,,,,**,,,..#
****************,,,,,,,.#


You could see an orc knight.

Vanquished Creatures
  Gastronok (D:8)
  A centaur warrior (D:8)
  2 unseen horrors
  A hill giant (D:10)
  The ghost of Krapule the Slinger, a novice HaHu of Dithmenos (D:5)
  A centaur zombie (D:11)
  A cyclops (D:11)
  Joseph (D:8)
  2 trolls
  A queen bee (D:8)
  2 wraiths (D:10)
  A basilisk (D:10)
  3 hippogriffs
  2 hungry ghosts
  Menkaure (D:5)
  A soldier ant (D:11)
  8 orc warriors
  2 ice beasts (D:5)
  A black bear (D:9)
  An eye of draining (D:10)
  A necrophage (D:10)
  2 sky beasts
  5 ogres
  A crocodile (D:10)
  5 centaurs
  3 big kobolds
  7 giant frogs
  5 gnoll sergeants (D:9)
  A scorpion (D:5)
  16 killer bees
  9 wights
  2 howler monkeys
  3 crimson imps
  A jelly (D:6)
  A giant frog zombie (D:11)
  2 giant frog skeletons
  6 orc priests
  2 gnoll shamans
  5 hounds
  5 iguanas
  Jessica (D:2)
  7 orc wizards
  4 worker ants
  2 hound zombies
  A worker ant zombie (D:8)
  Robin (D:2)
  16 gnolls
  13 adders
  A shadow imp (D:8)
  6 worms
  3 dart slugs
  3 giant geckos
  47 orcs
  7 bats
  9 giant cockroaches
  19 goblins
  16 hobgoblins
  14 jackals
  7 quokkas
  A giant gecko zombie (D:5)
  7 giant newts
  2 jackal skeletons
  9 kobolds
  A quokka skeleton (D:6)
  2 quokka zombies
  7 rats
322 creatures vanquished.

Vanquished Creatures (others)
  7 plants (D:10)
7 creatures vanquished.

Grand Total: 329 creatures vanquished

Notes
Turn   | Place    | Note
--------------------------------------------------------------
     0 | D:1      | striepan the Minotaur Gladiator began the quest for the Orb.
     0 | D:1      | Reached XP level 1. HP: 18/18 MP: 0/0
    35 | D:1      | Reached skill level 4 in Long Blades
    87 | D:1      | Reached XP level 2. HP: 21/25 MP: 1/1
   742 | D:1      | Reached skill level 5 in Long Blades
   742 | D:1      | Reached XP level 3. HP: 25/30 MP: 2/2
  1276 | D:2      | Noticed Jessica
  1280 | D:2      | Killed Jessica
  1280 | D:2      | Reached skill level 6 in Long Blades
  1280 | D:2      | Reached XP level 4. HP: 33/37 MP: 3/3
  1412 | D:2      | Noticed Robin
  1427 | D:2      | Killed Robin
  1537 | D:2      | Reached XP level 5. HP: 31/42 MP: 4/4
  1544 | D:2      | Reached skill level 7 in Long Blades
  2529 | D:3      | Found a sparkling altar of Nemelex Xobeh.
  2531 | D:3      | Found a basalt altar of Yredelemnul.
  2531 | D:3      | Found a white marble altar of Elyvilon.
  2535 | D:3      | Found a glowing silver altar of Zin.
  2806 | D:3      | Found a shimmering altar of Xom.
  2806 | D:3      | Found an oddly glowing altar of Pakellas.
  2911 | D:3      | Reached skill level 8 in Long Blades
  3031 | D:4      | Reached XP level 6. HP: 50/50 MP: 5/5
  3058 | D:4      | Found Lytapheh's Antique Armour Shoppe.
  3400 | D:4      | Reached skill level 9 in Long Blades
  3461 | D:4      | Found a staircase to the Ecumenical Temple.
  3538 | Temple   | Entered the Ecumenical Temple
  3567 | Temple   | Became a worshipper of Warmaster Okawaru
  3901 | D:5      | Entered Level 5 of the Dungeon
  3914 | D:5      | Noticed Krapule's ghost (novice HaHu)
  4148 | D:5      | Reached XP level 7. HP: 50/56 MP: 6/6
  4705 | D:5      | Noticed Menkaure
  4909 | D:4      | Reached skill level 10 in Long Blades
  5565 | D:5      | Killed Menkaure
  5674 | D:5      | Reached * piety under Okawaru
  5674 | D:5      | Reached skill level 11 in Long Blades
  5721 | D:5      | Found a sparkling altar of Nemelex Xobeh.
  5769 | D:5      | Reached XP level 8. HP: 50/63 MP: 7/7
  5888 | D:5      | Killed Krapule's ghost
  6460 | D:6      | Reached skill level 12 in Long Blades
  6465 | D:6      | Reached skill level 1 in Invocations
  6492 | D:6      | Reached ** piety under Okawaru
  7081 | D:7      | Reached skill level 1 in Armour
  7081 | D:7      | Reached XP level 9. HP: 75/75 MP: 10/10
  7674 | D:8      | Got a slimy ring mail
  7685 | D:8      | Identified the +6 ring mail "Bupozy" {*Confuse rF+ MR+++ Regen+} (You found it on level 8 of the Dungeon)
  7692 | D:8      | Noticed Joseph
  7719 | D:8      | Killed Joseph
  7719 | D:8      | Reached skill level 13 in Long Blades
  7793 | D:8      | Reached *** piety under Okawaru
  7803 | D:8      | Noticed Gastronok
  7853 | D:8      | Killed Gastronok
  7853 | D:8      | Reached **** piety under Okawaru
  7853 | D:8      | Received a gift from Okawaru
  7853 | D:8      | Reached skill level 15 in Long Blades
  7853 | D:8      | Reached XP level 10. HP: 28/83 MP: 11/11
  8109 | D:8      | Found a shattered altar of Ashenzari.
  8410 | D:8      | Received a gift from Okawaru
  8628 | D:8      | Reached skill level 5 in Armour
  9008 | D:8      | Found a sacrificial altar of Ru.
  9184 | D:8      | Reached ***** piety under Okawaru
  9261 | D:8      | Noticed a centaur warrior
  9280 | D:8      | Killed a centaur warrior
  9584 | D:8      | Reached skill level 10 in Fighting
  9820 | D:8      | Found a shattered altar of Ashenzari.
 10047 | D:8      | Found a sacrificial altar of Ru.
 10134 | D:8      | Received a gift from Okawaru
 10209 | D:9      | Found an ancient bone altar of Kikubaaqudgha.
 10413 | D:9      | Found a staircase to the Orcish Mines.
 10498 | D:8      | Reached XP level 11. HP: 67/99 MP: 13/13
 10697 | D:9      | Reached skill level 5 in Invocations
 11231 | D:9      | Received a gift from Okawaru
 11364 | D:10     | Entered Level 10 of the Dungeon
 11406 | D:10     | Found Kaadol's Magic Scroll Emporium.
 11533 | D:10     | Bought a scroll of fear for 56 gold pieces
 11653 | D:10     | Noticed a hill giant
 11664 | D:10     | Killed a hill giant
 11905 | D:10     | Found a staircase to the Lair.
 11959 | D:10     | Killed an unseen horror
 12057 | D:10     | Found a basalt altar of Yredelemnul.
 12924 | D:11     | Killed an unseen horror
 12924 | D:11     | Reached ****** piety under Okawaru
 12924 | D:11     | Received a gift from Okawaru
 13154 | D:12     | Noticed an orc knight
 13154 | D:12     | Noticed an orc sorcerer
 13157 | D:12     | Paralysed by an orc sorcerer for 3 turns
 13766 | D:11     | Slain by an orc knight

Skill      XL: |  1  2  3  4  5  6  7  8  9 10 11 |
---------------+----------------------------------+-----
Long Blades    | 4 5 6 8 9 11 12 15 | 15.5
Fighting       | 3 6 10 12 | 12.4
Invocations    | 3 4 7 |  7.1
Armour         | 1 3 5 |  5.0
Throwing       | |  2.0
Dodging        | |  3.2

Action                   |  1- 3 |  4- 6 |  7- 9 | 10-12 || total
-------------------------+-------+-------+-------+-------++-------
Melee: Long sword        |    77 |   225 |   323 |   405 ||  1030
       Headbutt          |    12 |    33 |    69 |   102 ||   216
       Punch             |       |       |     3 |     2 ||     5
       Double sword      |       |       |       |    51 ||    51
       Scimitar          |       |       |       |    48 ||    48
       Great sword       |       |       |       |    27 ||    27
Throw: Javelin           |       |     5 |     9 |       ||    14
       Throwing net      |       |       |     2 |       ||     2
Invok: Heroism           |       |       |     3 |     8 ||    11
       Finesse           |       |       |       |     2 ||     2
  Use: Scroll            |       |       |     2 |     3 ||     5
 Stab: Held in net/web   |       |       |     2 |       ||     2
  Eat: Chunk             |     1 |     7 |     9 |    14 ||    31
       Royal jelly       |       |     1 |       |       ||     1
       Beef jerky        |       |       |     1 |     4 ||     5
       Pizza             |       |       |     1 |       ||     1
       Meat ration       |       |       |       |     1 ||     1
Armor: Leather armour    |    26 |     3 |    20 |       ||    49
       Skin              |       |    10 |       |       ||    10
       Scale mail        |       |    50 |    34 |       ||    84
       Ring mail         |       |       |    33 |   153 ||   186
Dodge: Dodged            |    49 |   102 |   139 |   246 ||   536
Block: Buckler           |       |       |       |    16 ||    16
